Map: Zen EE

Players

Erik

  • Race: Zerg Zerg
  • League: Grandmaster
  • Spawn Location: 1:00

Special - Winner!

  • Race: Terran Terran
  • League: Master
  • Spawn Location: 7:00

VOD

Have the link to the VOD?

Description

Time

  • Played on: Jan. 13, 2020, 3:40 p.m.
  • Length: 22:17
Show
View Real Time Build Order
Export as new Build Order

Erik Zerg 

Build Orders: Pool First 

Get SALT Encoding   

  12  0:01  Drone  
  13  0:10  Extractor  
  12  0:24  Spawning Pool  
  11  0:28  Drone  
  11  0:33  Drone  
  13  0:38  Drone  
  14  0:50  Overlord  
  14  1:10  Metabolic Boost  
  14  1:14  Queen  
  14  1:17  Drone  
  17  1:21  Drone  
  17  1:25  Drone  
  19  1:29  Zergling x2  
  20  1:49  Hatchery  
  20  1:53  Zergling x2  
  20  1:57  Zergling x2  
  21  2:03  Zergling x2  
  22  2:11  Overlord  
  22  2:29  Queen, Drone x3  
  27  2:31  Drone  
  28  2:45  Drone  
  29  2:54  Drone  
  30  3:01  Overlord  
  30  3:03  Drone x3  
  33  3:11  Hatchery  
  31  3:14  Drone  
  33  3:20  Drone  
  33  3:25  Drone x2  
  35  3:34  Queen  
  35  3:38  Drone  
  35  3:39  Drone  
  39  3:42  Roach Warren  
  39  3:44  Drone  
  39  3:45  Drone x2  
  41  3:49  Drone x2  
  43  3:57  Overlord  
  43  4:00  Drone  
  44  4:05  Overlord  
  44  4:08  Extractor, Overlord  
  43  4:15  Queen  
  43  4:16  Drone x3  
  48  4:21  Overlord x2  
  48  4:33  Roach x4  
  48  4:34  Drone x2  
  57  4:42  Extractor, Drone  
  57  4:43  Extractor, Drone  
  57  4:46  Drone x2  
  57  4:47  Spore Crawler  
  58  4:55  Drone x3  
  55  5:05  Drone x3  
  56  5:08  Drone x2  
  56  5:11  Drone x2  
  56  5:12  Drone  
  58  5:24  Lair  
  58  5:30  Drone x5  
  63  5:38  Spore Crawler  
  60  5:46  Drone x6  
  60  5:47  Spore Crawler  
  65  5:57  Zergling x4  
  65  5:58  Zergling x2, Queen  
  65  5:59  Drone  
  71  6:06  Drone  
  71  6:07  Drone x3  
  71  6:11  Overlord  
  74  6:19  Drone x6  
  74  6:22  Drone  
  76  6:27  Glial Reconstitution  
  76  6:29  Spire  
  74  6:39  Drone x9  
  80  6:41  Drone  
  80  6:44  Drone  
  79  6:54  Drone x5  
  79  7:01  Zergling x2  
  85  7:02  Evolution Chamber  
  85  7:03  Extractor  
  85  7:04  Extractor  
  85  7:06  Zergling x12  
  88  7:10  Overlord x2  
  88  7:12  Overlord  
  88  7:18  Drone x2  
  90  7:28  Overlord  
  90  7:35  Hatchery, Zerg Missile Weapons Level 1  
  88  7:41  Corruptor x4  
  96  7:44  Overseer  
  96  7:49  Corruptor x2  
  100  7:57  Corruptor x3  
  106  8:00  Zerg Flyer Weapons Level 1  
  106  8:05  Roach x3  
  110  8:16  Queen  
  106  8:20  Roach x6  
  106  8:21  Roach  
  118  8:29  Overlord x3  
  118  8:30  Corruptor  
  120  8:39  Overlord  
  120  8:40  Overlord x2  
  119  8:49  Queen  
  119  8:52  Infestation Pit  
  119  8:53  Drone x9  
  129  8:58  Drone x4  
  131  9:12  Queen  
  131  9:13  Queen  
  131  9:16  Drone x9  
  144  9:18  Extractor  
  144  9:19  Extractor  
  144  9:22  Baneling Nest  
  141  9:24  Evolution Chamber  
  141  9:26  Pneumatized Carapace  
  141  9:28  Pathogen Glands  
  139  9:43  Corruptor x5  
  149  9:49  Drone x8  
  157  9:54  Overlord  
  157  9:59  Corruptor x2  
  153  10:08  Corruptor x3  
  153  10:16  Hive  
  153  10:18  Infestor x2  
  153  10:19  Infestor x2  
  159  10:22  Burrow  
  159  10:25  Queen  
  159  10:27  Centrifical Hooks  
  159  10:28  Zerg Melee Weapons Level 1  
  161  10:33  Zerg Missile Weapons Level 2  
  161  10:49  Hatchery  
  160  11:01  Zergling x32  
  160  11:03  Overlord x4  
  176  11:13  Overlord  
  176  11:18  Hatchery  
  175  11:19  Overlord  
  175  11:21  Queen  
  177  11:27  Baneling  
  177  11:28  Ravager x3, Baneling x9  
  177  11:29  Ravager x7  
  177  11:32  Neural Parasite  
  187  11:33  Queen  
  187  11:38  Roach x12  
  184  11:56  Zergling x20  
  189  12:08  Zerg Flyer Weapons Level 2  
  189  12:12  Hatchery  
  188  12:19  Ravager x3  
  191  12:24  Corruptor  
  191  12:25  Corruptor x3  
  189  12:32  Hatchery, Roach  
  189  12:33  Roach x10  
  185  12:44  Roach x6  
  187  12:51  Roach x2  
  187  12:53  Zerg Missile Weapons Level 3  
  189  13:00  Spine Crawler x2  
  187  13:10  Roach x6  
  190  13:34  Drone x10  
  200  13:53  Spine Crawler  
  193  14:06  Ravager x7  
  200  14:16  Viper x2  
  186  14:20  Zergling x2  
  186  14:21  Zergling x38  
  188  14:42  Hatchery  
  165  14:54  Roach x15  
  165  14:58  Infestor  
  191  15:04  Drone x6  
  197  15:11  Roach x2  
  150  15:37  Extractor  
  150  15:38  Infestor x3, Extractor  
  154  15:42  Roach  
  154  15:43  Roach x11  
  176  15:54  Ravager x8  
  184  15:58  Drone x6  
  181  16:07  Roach x6  
  181  16:10  Adrenal Glands  
  193  16:18  Zerg Flyer Armor Level 1  
  193  16:20  Spire  
  193  16:23  Extractor  
  193  16:24  Spine Crawler  
  193  16:25  Extractor  
  189  16:26  Spine Crawler  
  189  16:27  Spine Crawler  
  189  16:30  Spine Crawler  
  187  16:37  Spine Crawler  
  182  16:40  Spine Crawler  
  182  16:42  Spore Crawler, Drone x3  
  182  16:43  Zergling x2  
  182  16:44  Zergling x36  
  151  17:05  Roach x11  
  165  17:13  Infestor  
  165  17:14  Infestor x3  
  171  17:23  Baneling x13  
  163  17:32  Corruptor x7  
  179  17:40  Greater Spire  
  131  18:06  Roach x18  
  154  18:23  Roach  
  154  18:24  Roach x4  
  162  18:37  Hatchery  
  162  18:41  Ravager x13  
  170  18:42  Hatchery  
  159  18:57  Brood Lord x3  
  159  19:01  Brood Lord  
  143  19:26  Hatchery  
  143  19:29  Brood Lord x3  
  143  19:31  Corruptor  
  148  19:39  Roach x7  
  158  19:50  Drone x5  
  158  19:52  Drone  
  164  19:53  Extractor  
  163  20:06  Roach x4  
  132  20:46  Infestor x2  
  132  20:47  Infestor  
  127  20:51  Roach x7  
  133  21:11  Roach x5  
  143  21:23  Roach x4  
  118  21:41  Roach  
  118  21:42  Roach x7  
Show
View Real Time Build Order
Export as new Build Order

Special Terran - Winner!

Build Orders: Reaper Expand, Mech 

Get SALT Encoding   

  12  0:01  SCV  
  13  0:13  SCV  
  14  0:17  Supply Depot  
  14  0:25  SCV  
  15  0:39  SCV  
  15  0:40  Barracks  
  16  0:44  Refinery  
  16  0:51  SCV  
  17  1:03  SCV  
  18  1:15  SCV  
  19  1:27  Reaper  
  19  1:28  Orbital Command  
  20  1:41  Command Center  
  20  1:51  Supply Depot  
  20  1:54  SCV  
  21  1:59  Marine  
  22  2:05  Command Center  
  22  2:07  SCV  
  23  2:16  Factory  
  23  2:22  SCV, Barracks Reactor  
  24  2:28  Refinery  
  24  2:34  SCV  
  25  2:38  Supply Depot  
  25  2:47  SCV  
  26  2:59  SCV  
  26  3:01  Starport  
  27  3:08  Hellion x2  
  31  3:13  SCV  
  31  3:18  Orbital Command  
  31  3:26  SCV  
  36  3:34  Hellion x2  
  36  3:35  Orbital Command  
  36  3:38  SCV  
  37  3:41  Viking  
  39  3:49  Fusion Core  
  39  3:54  SCV  
  40  4:02  SCV  
  41  4:03  Hellion  
  41  4:04  Hellion  
  41  4:09  Supply Depot  
  45  4:13  Starport Tech Lab  
  45  4:14  SCV  
  45  4:16  SCV  
  47  4:26  SCV  
  47  4:28  Hellion  
  47  4:29  SCV  
  51  4:33  Hellion  
  53  4:38  SCV  
  53  4:40  Battlecruiser  
  53  4:41  SCV  
  61  4:45  Supply Depot  
  61  4:51  SCV  
  62  4:55  SCV  
  60  5:03  SCV  
  60  5:06  Hellion x2  
  61  5:08  SCV  
  58  5:16  SCV  
  58  5:17  Command Center  
  58  5:20  SCV  
  58  5:24  Supply Depot  
  58  5:28  SCV, Hellion x2  
  63  5:34  SCV  
  64  5:40  SCV  
  61  5:46  Battlecruiser  
  61  5:49  Hellion  
  71  5:50  Hellion  
  71  5:52  SCV, Refinery x2  
  71  5:54  Supply Depot  
  72  6:01  Weapon Refit  
  72  6:03  SCV  
  72  6:04  SCV  
  74  6:11  Hellion x2  
  78  6:15  SCV  
  77  6:19  SCV  
  70  6:27  SCV  
  70  6:31  Factory  
  70  6:32  SCV, Hellion x2  
  77  6:37  Factory  
  77  6:39  SCV  
  78  6:44  SCV  
  78  6:46  Orbital Command  
  78  6:50  Supply Depot  
  78  6:54  Hellion x2  
  82  6:59  SCV x2  
  84  7:05  Battlecruiser  
  90  7:11  SCV  
  90  7:12  Refinery, Orbital Command  
  90  7:13  Refinery  
  90  7:15  Hellion x2  
  95  7:16  Factory Tech Lab  
  95  7:19  SCV  
  95  7:22  Supply Depot, Factory Tech Lab  
  96  7:23  SCV  
  97  7:31  SCV  
  97  7:35  SCV  
  99  7:38  Engineering Bay, Command Center  
  99  7:39  Hellion x2  
  99  7:42  Siege Tank x2  
  109  7:44  SCV  
  109  7:46  Supply Depot x2  
  109  7:48  SCV x2  
  112  7:56  SCV  
  112  7:57  Armory  
  113  7:59  Armory  
  113  8:01  SCV x2  
  113  8:05  Supply Depot, Hellion  
  117  8:08  SCV, Hellion  
  120  8:13  SCV  
  120  8:19  Battlecruiser  
  127  8:24  SCV  
  128  8:27  Siege Tank  
  128  8:28  Missile Turret  
  128  8:29  Missile Turret  
  128  8:31  Siege Tank  
  134  8:38  SCV x2  
  134  8:40  Infernal Pre-Igniter  
  135  8:49  Supply Depot  
  135  8:51  Hellion x2  
  137  8:57  Terran Vehicle And Ship Armor Level 1, Terran Vehicle Weapons Level 1  
  137  9:01  SCV  
  134  9:06  Factory  
  134  9:07  Factory  
  134  9:10  Missile Turret  
  134  9:14  Cyclone x2, Hellion x2  
  144  9:27  SCV x2  
  144  9:28  SCV  
  147  9:34  Supply Depot  
  147  9:35  Refinery, Hellion x2  
  147  9:38  Refinery  
  149  9:39  SCV, Mag-Field Accelerator  
  149  9:41  SCV x2  
  149  9:42  Planetary Fortress  
  152  9:46  Missile Turret  
  152  9:50  Siege Tank x2  
  152  9:51  SCV  
  159  9:54  Factory Tech Lab  
  159  9:55  Factory Reactor  
  159  9:56  SCV  
  159  9:57  Hellion x2  
  159  9:58  SCV  
  161  10:04  SCV  
  162  10:18  Hellion x2  
  162  10:21  Sensor Tower  
  166  10:22  Siege Tank  
  169  10:30  Siege Tank  
  172  10:37  Supply Depot  
  172  10:38  Supply Depot  
  172  10:40  Hellion x2  
  182  10:44  Missile Turret, Hellion x2  
  186  10:50  Factory  
  186  10:53  Factory  
  186  10:57  Siege Tank x2  
  186  10:59  Factory  
  186  11:02  Command Center  
  186  11:03  Terran Vehicle Weapons Level 2  
  186  11:05  Terran Vehicle And Ship Armor Level 2  
  186  11:07  Hellion x2  
  190  11:27  Command Center  
  190  11:28  Starport Reactor  
  190  11:39  Siege Tank x2  
  194  11:46  Siege Tank  
  193  11:48  Thor, Hellion  
  193  11:50  Hellion  
  183  11:54  Hellion  
  183  11:57  Factory Tech Lab  
  183  11:58  Factory Tech Lab, Hellion  
  181  12:10  Hellion  
  181  12:11  Thor, Siege Tank  
  181  12:12  Hellion  
  183  12:15  Hellion  
  183  12:18  Siege Tank  
  183  12:19  Siege Tank  
  183  12:20  Hellion  
  187  12:31  Hellion, Siege Tank  
  187  12:33  Cyclone, Hellion  
  192  12:37  Hellion  
  192  12:41  Hellion  
  192  12:43  Cyclone  
  193  12:50  Hellion  
  195  12:51  Siege Tank  
  195  12:52  Hellion  
  195  12:57  Hellion  
  196  13:01  Hellion  
  196  13:03  Cyclone  
  199  13:17  Smart Servos  
  199  13:24  Terran Vehicle Weapons Level 3, Terran Vehicle And Ship Armor Level 3  
  193  13:36  Hellion x2  
  191  13:42  Hellion x2, Siege Tank  
  188  14:00  Hellion x2, Siege Tank  
  189  14:04  Missile Turret  
  189  14:06  Hellion  
  189  14:07  Hellion x2, Siege Tank  
  200  14:10  Hellion  
  200  14:12  Missile Turret  
  200  14:16  Hellion x2  
  190  14:22  Hellion  
  190  14:23  Hellion  
  185  14:24  Missile Turret  
  185  14:28  Hellion  
  185  14:29  Siege Tank  
  185  14:31  Hellion  
  190  14:41  Hellion, Siege Tank  
  193  14:46  Hellion, Command Center  
  193  14:47  Hellion, Command Center  
  193  14:49  Command Center  
  193  14:50  Hellion  
  193  14:51  Planetary Fortress, Hellion, Siege Tank  
  162  14:55  Hellion  
  162  14:58  SCV, Missile Turret  
  150  15:03  Hellion x2  
  151  15:07  Missile Turret  
  151  15:08  Missile Turret  
  151  15:11  Cyclone  
  151  15:12  Cyclone  
  155  15:14  Siege Tank  
  155  15:19  Hellion  
  153  15:26  Siege Tank  
  153  15:27  Siege Tank  
  153  15:28  Hellion  
  161  15:29  Hellion  
  158  15:37  Hellion  
  150  15:45  Hellion, Siege Tank x2  
  150  15:46  Hellion  
  160  15:53  Cyclone  
  160  15:55  Hellion  
  165  15:58  Cyclone  
  165  15:59  Siege Tank  
  171  16:05  Hellion x2  
  171  16:07  Orbital Command x2  
  171  16:09  Siege Tank  
  178  16:14  Hellion, Orbital Command  
  178  16:17  Hellion  
  182  16:22  Hellion  
  182  16:23  Hellion  
  182  16:25  Siege Tank  
  189  16:27  Sensor Tower, Refinery x2  
  189  16:35  Hellion  
  189  16:36  Cyclone, Hellion x2  
  198  16:45  Cyclone  
  197  16:52  Cyclone x2  
  176  16:56  Hellion x2  
  176  16:57  Cyclone  
  175  17:04  Orbital Command  
  175  17:05  Hellion x2  
  175  17:06  Missile Turret  
  175  17:08  Siege Tank  
  180  17:13  Refinery  
  180  17:16  Orbital Command  
  180  17:17  Cyclone  
  180  17:18  Siege Tank  
  186  17:23  Refinery  
  186  17:24  Siege Tank x2  
  186  17:29  Siege Tank  
  195  17:43  Siege Tank  
  194  17:53  Siege Tank  
  194  17:55  Hellion  
  199  18:02  Siege Tank  
  199  18:05  Command Center  
  174  18:20  Thor  
  174  18:21  Thor x2  
  174  18:22  Hellion  
  174  18:23  Hellion  
  191  18:29  Thor, Hellion  
  199  18:53  Thor  
  199  18:55  Siege Tank  
  199  18:58  Hellion x2  
  196  19:04  Siege Tank  
  193  19:12  Viking  
  193  19:14  Viking  
  189  19:18  Hellion x2, Siege Tank  
  189  19:22  Siege Tank  
  199  19:30  Missile Turret  
  199  19:41  Thor  
  195  19:46  Hellion  
  195  19:49  Viking x2  
  194  19:54  Siege Tank x2  
  194  19:59  Terran Ship Weapons Level 1  
  197  20:03  Planetary Fortress  
  191  20:15  Hellion  
  191  20:16  Hellion  
  191  20:19  Viking  
  187  20:22  Viking  
  187  20:27  Siege Tank x2  
  187  20:28  Hellion x2  
  187  20:31  Hellion  
  187  20:34  Hellion  
  164  20:38  Thor x2  
  152  20:48  Hellion  
  152  20:49  Viking  
  144  20:52  Thor, Viking  
  144  20:53  Hellion x2  
  144  20:55  Thor, Hellion  
  162  20:59  Thor, Siege Tank  
  171  21:10  Hellion  
  173  21:14  Refinery x2  
  173  21:15  Hellion  
  173  21:17  Hellion  
  174  21:19  Viking, Hellion  
  174  21:21  Siege Tank  
  174  21:22  Viking, Siege Tank  
  174  21:23  SCV x4  
  174  21:25  SCV  
  188  21:32  Hellion, Siege Tank  
  193  21:36  Hellion x2  
  193  21:38  Hellion, Siege Tank  
  190  21:41  Hellion  
  190  21:42  Hellion  
  192  21:50  Missile Turret x2  
  192  21:53  Hellion  
Tags
 
Add a new tag
Caveats
  • Supply blocks, unpowered buildings, or Contaminate may cause inaccurate times.
  • Supply counts are checked every 10 seconds.